 Dungeon Crawl Stone Soup version 0.29-a0-541-gaf1fc19f1b (webtiles) character file.

Game seed: 15269826857750160453

3353 Sin92 the Skirmisher (level 9, -9/71 HPs)
             Began as a Demonspawn Fighter on June 2, 2022.
             Was a Priest of Okawaru.
             Mangled by an orc warrior
             ... wielding a +1 scimitar of holy wrath
              (18 damage)
             ... on level 8 of the Dungeon.
             The game lasted 00:11:08 (9446 turns).

Sin92 the Skirmisher (Demonspawn Fighter)           Turns: 9446, Time: 00:11:08

Health: -9/71      AC: 22    Str: 20    XL:     9   Next: 72%
Magic:  12/12      EV:  9    Int: 10    God:    Okawaru [***...]
Gold:   398        SH:  5    Dex: 13    Spells: 8/8 levels left

rFire   . . .      SeeInvis +   C - +6 flail
rCold   . . .      Faith    +   c - +0 buckler
rNeg    . . .      Spirit   .   w - +0 chain mail
rPois   .          Reflect  .   x - +1 hat
rElec   .          Harm     .   A - +0 cloak
rCorr   .          Rampage  .   (no gloves)
Will    .....                   p - +0 pair of boots
Stlth   ..........              y - amulet of faith
HPRegen 0.21/turn               n - ring of see invisible
MPRegen 0.13/turn               (no ring)

@: sanguine armoured, invisible
A: claws 1, foul stench 1, sanguine armour 2, demonic magic 1, beak
a: Renounce Religion, Heroism


You were on level 8 of the Dungeon.
You worshipped Okawaru.
Okawaru was most pleased with you.
You visited 2 branches of the dungeon, and saw 9 of its levels.

You collected 530 gold pieces.
You spent 132 gold pieces at shops.

Inventory:

Hand Weapons
 a - a +0 war axe
 C - a +6 flail (weapon)
 E - a +0 dagger
 F - a +0 hand axe
 G - the +4 flail of Taso Nit {distort, Dex+4}
   (You found it on level 8 of the Dungeon)

   It warps and distorts space around it, and may blink, banish, or inflict
   extra damage upon those it strikes.
   Unwielding it can cause banishment or high damage.
   Dex:       It affects your dexterity (+4).
Armour
 c - a +0 buckler (worn)
 o - a +0 pair of gloves
 p - a +0 pair of boots (worn)
 w - a +0 chain mail (worn)
 x - a +1 hat (worn)
 A - a +0 cloak (worn)
Jewellery
 h - an amulet of guardian spirit
 m - a ring of willpower
 n - a ring of see invisible (left claw)
 r - an amulet of regeneration
 y - an amulet of faith (around neck)
 D - an amulet of magic regeneration
Wands
 f - a wand of paralysis (6)
 B - a wand of mindburst (8)
Scrolls
 b - 8 scrolls of identify
 j - 2 scrolls of fog
 l - 5 scrolls of teleportation
 s - a scroll of poison
 v - a scroll of magic mapping
Potions
 d - a potion of brilliance {unknown}
 e - 2 potions of curing
 g - 2 potions of cancellation
 k - 3 potions of lignification
 q - a potion of degeneration
 t - a potion of mutation
 u - a potion of haste
Miscellaneous
 z - a piece from Xom's chessboard (15/15)


   Skills:
 + Level 6.6 Fighting
 + Level 5.6(5.7) Axes
 + Level 1.6(3.9) Maces & Flails
 + Level 6.1 Armour
 + Level 5.2 Dodging
 + Level 6.0 Shields
 + Level 4.4 Invocations


You had 8 spell levels left.
You didn't know any spells.
Your spell library contained the following spells:

 Spells                   Type           Power      Damage    Failure   Level
 Ozocubu's Armour         Ice            0%         N/A       100%        3
 Airstrike                Air            0%         N/A       100%        4
 Lightning Bolt           Conj/Air       0%         1d11      100%        5
 Ozocubu's Refrigeration  Ice            0%         4d5       100%        7
 Summon Small Mammal      Summ           Unusable   N/A       N/A         1
 Call Canine Familiar     Summ           Unusable   N/A       N/A         3
 Summon Guardian Golem    Hex/Summ       Unusable   N/A       N/A         3
 Summon Lightning Spire   Summ/Air       Unusable   N/A       N/A         4

Dungeon Overview and Level Annotations

Branches:
Dungeon (8/15)             Temple (1/1) D:7
   Lair: D:8-11

Altars:
Ashenzari
Cheibriados
Dithmenos
Elyvilon
Fedhas
Gozag
Hepliaklqana
Kikubaaqudgha
Makhleb
Nemelex Xobeh
Okawaru
Qazlal
Ru
Sif Muna
Trog
Uskayaw
Vehumet
Xom
Yredelemnul
Zin
The Shining One

Shops:
D:8 *


Innate Abilities, Weirdness & Mutations

You have sharp fingernails.
You may rarely emit foul miasma when damaged in melee.
When seriously injured, your blood forms thick armour. (AC +9)
Spells you cast may paralyse adjacent enemies.
You have a beak for a mouth.


Message History

You hit the orc warrior but do no damage.
You peck the orc warrior, but do no damage.
The orc warrior is heavily wounded.
The orc warrior hits you with a +1 scimitar of holy wrath!
You convulse!
Unknown command.
You hit the orc warrior but do no damage.
Your peck misses the orc warrior.
The orc warrior is heavily wounded.
The orc warrior hits you with a +1 scimitar of holy wrath!
Your blood congeals into armour.
You convulse!
An orc comes into view. It is wielding a +0 whip.
The orc warrior hits you with a +1 scimitar of holy wrath.
You convulse.
* * * LOW HITPOINT WARNING * * *
The orc shouts!
You are too injured to fight recklessly!
Unknown command.
You are too injured to fight recklessly!
You are too injured to fight recklessly!
Unknown command.
You are too injured to fight recklessly!
Unknown command.
You fade into invisibility!
You hit the orc warrior.
The orc warrior is severely wounded.
The orc warrior hits you but does no damage.
You closely miss the orc warrior.
The orc warrior is severely wounded.
The orc warrior closely misses you.
You thump the orc warrior! Your peck misses the orc warrior.
The orc warrior is almost dead.
The orc warrior barely misses you.
You barely miss the orc warrior. Your peck misses the orc warrior.
The orc warrior is almost dead.
An orc comes into view. It is wielding a +0 war axe.
The orc warrior hits you with a +1 scimitar of holy wrath!
* * * LOW HITPOINT WARNING * * *
You convulse!!
You die...

#.............#
#.............#
#.............#
########......#
#......####
#....[.##.o
#......##o#
#......##o# ##
#...<..##@# ###.
#......##.# ###...
#####..##.#
####(..## #..##.#
###....#### #..##.#
###......# #
#..##.####......#.#
#
#..#'###......###.##
# #...........###
#..### #.........###
##.#..


You could see an orc warrior (can't see you) and 2 orcs.

Vanquished Creatures
  6 yaks (D:8)
  3 water moccasins
  2 orc warriors
  2 ice beasts
  A black bear (D:7)
  3 centaurs
  A phantom (D:7)
  3 kobold brigands
  3 bullfrogs
  A gnoll sergeant (D:8)
  3 wights (D:8)
  A howler monkey (D:7)
  3 jellies
  An orc priest (D:6)
  4 hounds
  2 iguanas (D:6)
  8 orc wizards
  4 gnolls (D:8)
  8 adders
  A shadow imp (D:6)
  An ufetubus (D:5)
  A worm (D:2)
  A dart slug (D:2)
  24 orcs
  4 bats
  9 endoplasms
  A giant cockroach (D:2)
  6 goblins
  9 hobgoblins
  7 jackals
  5 quokkas
  10 ball pythons
  5 frilled lizards
  19 kobolds
  8 rats
170 creatures vanquished.

Vanquished Creatures (others)
  A withered plant (D:6)
1 creature vanquished.

Grand Total: 171 creatures vanquished

Notes
Turn   | Place    | Note
-------+----------+-------------------------------------------
     0 | D:1      | Sin92 the Demonspawn Fighter began the quest for the Orb.
     0 | D:1      | Reached XP level 1. HP: 18/18 MP: 1/1
   453 | D:1      | Gained mutation: When seriously injured, your blood forms
                  | armour. (AC +9) [demonic ancestry]
   453 | D:1      | Reached XP level 2. HP: 18/24 MP: 2/2
   801 | D:1      | Found a faded altar of an unknown god.
  1077 | D:2      | Gained mutation: Spells you cast may paralyse adjacent
                  | enemies. [demonic ancestry]
  1077 | D:2      | Reached XP level 3. HP: 23/29 MP: 3/3
  1082 | D:2      | Reached skill level 1 in Dodging
  1639 | D:2      | Gained mutation: You may rarely emit foul miasma when
                  | damaged in melee. [demonic ancestry]
  1639 | D:2      | Reached XP level 4. HP: 30/35 MP: 4/4
  3462 | D:4      | Gained mutation: You have sharp fingernails. [demonic
                  | ancestry]
  3462 | D:4      | Reached XP level 5. HP: 32/42 MP: 2/5
  4256 | D:5      | Entered Level 5 of the Dungeon
  4345 | D:5      | Noticed a centaur
  4355 | D:5      | Killed a centaur
  4356 | D:5      | Reached XP level 6. HP: 29/48 MP: 3/6
  5114 | D:5      | Noticed an ice beast
  5125 | D:5      | Killed an ice beast
  5126 | D:5      | Reached XP level 7. HP: 27/55 MP: 4/7
  5408 | D:5      | Found a hide-covered altar of Uskayaw.
  5771 | D:5      | Gained mutation: You have a beak for a mouth. [potion of
                  | mutation]
  5830 | D:6      | Reached skill level 5 in Fighting
  6229 | D:6      | Found a basalt altar of Yredelemnul.
  6259 | D:6      | Gained mutation: When seriously injured, your blood forms
                  | thick armour. (AC +9) [demonic ancestry]
  6259 | D:6      | Reached XP level 8. HP: 43/62 MP: 4/8
  6724 | D:6      | Reached skill level 5 in Armour
  6851 | D:7      | Reached skill level 5 in Shields
  6990 | D:7      | Found a staircase to the Ecumenical Temple.
  7010 | Temple   | Entered the Ecumenical Temple
  7349 | Temple   | Became a worshipper of Warmaster Okawaru
  7491 | D:7      | Reached skill level 1 in Invocations
  7806 | D:7      | Reached * piety under Okawaru
  7979 | D:7      | Reached XP level 9. HP: 69/69 MP: 10/10
  8045 | D:7      | Reached skill level 5 in Axes
  8457 | D:8      | Found Xigipi's Assorted Antiques.
  8467 | D:8      | Bought a scroll labelled YLOT UCSIOMAICI for 22 gold pieces
  8467 | D:8      | Bought a dagger for 44 gold pieces
  8467 | D:8      | Bought a hand axe for 66 gold pieces
  8672 | D:8      | Identified the +4 flail of Taso Nit {distort, Dex+4}
  8783 | D:8      | Reached ** piety under Okawaru
  8795 | D:8      | Reached skill level 1 in Maces & Flails
  8795 | D:8      | Reached skill level 5 in Dodging
  9243 | D:8      | Reached *** piety under Okawaru
  9446 | D:8      | Mangled by an orc warrior

Illustrated notes

Levels and vault maps discovered:
D:1:      saegor_arrival_miasma, layout_basic,
          nicolae_ecumenical_snake_handling, hex_tiny
D:2:      minmay_general_purpose_star, layout_basic, serial_aquarium,
          aquarium_bridge_square [aquarium_subvault_wall,
          aquarium_subvault_wall, aquarium_subvault_window,
          aquarium_subvault_bridge], aquarium_window_1, aquarium_window_fake,
          aquarium_window_corner, aquarium_view_2f, aquarium_view_2c,
          minmay_statues_item
D:3:      layout_loops_ring, dreamdust_wishing_well, minmay_misc_feat_x
D:4:      layout_basic, serial_rivers, chequers_serial_rivers_micro_b,
          chequers_serial_rivers_micro_d, chequers_serial_rivers_micro_d,
          chequers_serial_rivers_micro_c, chequers_serial_rivers_small_3,
          chequers_serial_rivers_micro_b
D:5:      layout_cave_pods, amcnicky_altar_gilded
D:6:      layout_basic, yredelemnul_altar_generic, st_stairs_9
D:7:      layout_gridville, nicolae_tso_carved_into_rock,
          minmay_temple_entry_gardened_gates
D:8:      minmay_the_grid_triangle_9x9_rhombus_full
          [minmay_the_grid_triangle_9x9_alien,
          minmay_the_grid_triangle_9x9_skeleton,
          minmay_the_grid_triangle_9x9_impossible_snake,
          minmay_the_grid_triangle_9x9_stretched_checkered,
          minmay_the_grid_triangle_9x9_empty,
          minmay_the_grid_triangle_9x9_corruption,
          minmay_the_grid_triangle_9x9_from_above,
          minmay_the_grid_triangle_9x9_prize_insulated], layout_basic,
          nicolae_overflow_crystal_walls, serial_shops,
          nicolae_shop_overgrown_old_shop, hellmonk_bongcloud_opening
Temple:   hc_temple_tempest_star

Skill      XL: |  1  2  3  4  5  6  7  8  9 |
---------------+----------------------------+-----
Axes           | 2 3 4 5 |  5.6
Shields        | 3 4 5 6 |  6.0
Armour         | 3 4 5 6 |  6.1
Dodging        | 1 2 3 4 5 |  5.2
Fighting       | 4 5 6 |  6.6
Invocations    | 2 4 |  4.4
Maces & Flails | 1 |  1.6

Action                   |  1- 3 |  4- 6 |  7- 9 || total
-------------------------+-------+-------+-------++-------
Melee: War axe           |   111 |   174 |   181 ||   466
       Peck              |       |       |    54 ||    54
       Flail             |       |       |    53 ||    53
  Use: Scroll            |     3 |    10 |     2 ||    15
       Potion            |       |       |     7 ||     7
Armor: Scale mail        |    57 |   103 |       ||   160
       Chain mail        |       |     4 |   170 ||   174
Dodge: Dodged            |    65 |    91 |   106 ||   262
Block: Buckler           |    31 |    50 |    67 ||   148

Table legend: (Time is in decaauts)
 A = Elapsed time spent in this place.
 B = Non-inter-level travel time spent in this place.
 C = Inter-level travel time spent in this place.
 D = Time resting spent in this place.
 E = Time spent auto-exploring this place.
 F = Levels seen in this place.
 G = Mean time per level.
                   A        B        C        D        E       F      G
               +--------+--------+--------+--------+--------+-----+--------+
         Total |   9623 |   9308 |    315 |   1361 |   6407 |   9 | 1069.2 |
       Dungeon |   9271 |   9007 |    264 |   1361 |   6125 |   8 | 1158.9 |
        Temple |    351 |    300 |     51 |      0 |    282 |   1 |  351.0 |
               +--------+--------+--------+--------+--------+-----+--------+

Top non-repeatable levels by time:
     D:5: 1545 daAuts
     D:2: 1473 daAuts
     D:7: 1411 daAuts
     D:6: 1083 daAuts
     D:4: 1071 daAuts
     D:1: 1064 daAuts
     D:8: 867 daAuts
     D:3: 755 daAuts
  Temple: 351 daAuts
